 Dungeon Crawl Stone Soup version 0.29.1-2-gbd0b4ee654 (webtiles) character file.

Game seed: 7038714478630910173

1569 Sabo the Covered (level 8, -8/75 HPs)
             Began as a Gargoyle Berserker on Nov 9, 2022.
             Was a Believer of Trog.
             Mangled by a yak (9 damage)
             ... on level 6 of the Dungeon.
             The game lasted 00:34:20 (6804 turns).

Sabo the Covered (Gargoyle Berserker)               Turns: 6804, Time: 00:34:22

Health: -8/75      AC: 16    Str: 23    XL:     8   Next: 90%
Magic:  8/8        EV: 11    Int:  8    God:    Trog [**....]
Gold:   650        SH:  0    Dex:  9    Spells: 7/7 levels left

rFire   . . .      SeeInvis .   F - +2 flail (vorpal)
rCold   + . .      Faith    .   (no shield)
rNeg    + + .      Spirit   .   a - +2 ring mail {rC+}
rPois   ∞          Reflect  .   (no helmet)
rElec   +          Harm     .   C - scarf {shadows}
rCorr   .          Rampage  .   k - +0 pair of gloves
Will    .....                   D - +0 pair of boots
Stlth   ..........              B - amulet of regeneration
HPRegen 1.02/turn               c - ring of flight
MPRegen 0.11/turn               m - ring of positive energy

@: berserking, flying, very quick
A: sickness immunity, AC +5, negative energy resistance 1, electricity
resistance, torment resistance 1, petrification resistance
a: Renounce Religion, Berserk, Trog's Hand


You were on level 6 of the Dungeon.
You worshipped Trog.
Trog was pleased with you.
You visited 1 branch of the dungeon, and saw 6 of its levels.

You collected 1426 gold pieces.
You spent 776 gold pieces at shops.

Inventory:

Hand Weapons
 g - a +2 vorpal trident
 i - a +2 antimagic spear
 l - the +6 battleaxe "Trog's Vengeance" {pain, rPois rN+ rCorr}
   (You bought it in a shop on level 5 of the Dungeon)

   In the hands of one skilled in necromantic magic, it inflicts extra damage on
   living creatures.
   rPois:     It protects you from poison.
   rN:        It protects you from negative energy.
   rCorr:     It protects you from acid and corrosion.
   Trog disapproves of the use of such an item.
 s - a +1 long sword of venom
 F - a +2 vorpal flail (weapon)
 G - the +6 sling "Coawk" {flame, rPois rC+ Int+4}
   (You found it on level 5 of the Dungeon)

   Any ammunition fired from it burns those it strikes, dealing additional fire
   damage.
   Int:       It affects your intelligence (+4).
   rC:        It protects you from cold.
   rPois:     It protects you from poison.
 H - the +4 arbalest of Malaise {flame, Dex+2}
   (You bought it in a shop on level 5 of the Dungeon)

   Any ammunition fired from it burns those it strikes, dealing additional fire
   damage.
   Dex:       It affects your dexterity (+2).
Missiles
 y - 7 poisoned darts (quivered)
Armour
 a - a +2 ring mail of cold resistance (worn)
 k - a +0 pair of gloves (worn)
 C - a scarf of shadows (worn)
 D - a +0 pair of boots (worn)
Jewellery
 c - a ring of flight (left hand)
 m - a ring of positive energy (right hand)
 q - a ring of protection from fire
 w - an amulet of faith
 B - an amulet of regeneration (around neck)
Scrolls
 d - a scroll of summoning
 e - a scroll of fear
 f - a scroll of silence
 p - a scroll of teleportation {unknown}
 t - a scroll of poison
Potions
 b - 2 potions of flight {unknown}
 h - a potion of haste {unknown}
 n - 2 potions of berserk rage {unknown}
 o - a potion of experience {unknown}
 r - 2 potions of degeneration {unknown}
 u - a potion of brilliance {unknown}
 v - a potion of mutation {unknown}
 x - a potion of invisibility {unknown}
 z - 4 potions of curing {unknown}
 A - 3 potions of heal wounds {unknown}


   Skills:
 + Level 5.4 Fighting
 + Level 2.9(4.5) Short Blades
 + Level 5.2(5.6) Long Blades
 + Level 3.9(4.1) Axes
 + Level 2.0(3.4) Maces & Flails
 + Level 0.7 Ranged Weapons
 + Level 6.0 Armour
 + Level 2.6 Dodging
 + Level 1.1 Stealth


You had 7 spell levels left.
You didn't know any spells.
Your spell library was empty.

Dungeon Overview and Level Annotations

Branches:
Dungeon (6/15)
 Temple: D:4-7

Altars:
Gozag

Shops:
D:1 [   D:5 (


Innate Abilities, Weirdness & Mutations

You are immune to sickness and miasma.
Your stone body is resilient. (AC +5)
You are immune to poison.
You resist negative energy. (rN+)
You are resistant to electric shocks. (rElec)
You are resistant to unholy torment.
You are immune to petrification.


Message History

You kill the yak!
Trog accepts your kill. The water moccasin bites you.
The yak barely misses you. The water moccasin closely misses you.
The yak gores you!
The water moccasin bites you but does no damage.
Your base Maces & Flails skill increases to level 2!
Your Armour skill increases to level 6!
The +4 arbalest of Malaise {flame, Dex+2} stops flaming.
You really shouldn't be using a wizardly item like this.
You have a feeling of ineptitude.
l - the +6 battleaxe "Trog's Vengeance" (weapon)
{pain, rPois rN+ rCorr} Really attack while wielding the +6 battleaxe "Trog's Vengeance" {pain, rPois rN+ rCorr}?
This could place you under penance! [Y]es or [N]o only, please.
Really attack while wielding the +6 battleaxe "Trog's Vengeance" {pain, rPois rN+ rCorr}?
This could place you under penance!
Okay, then.
F - a +2 vorpal flail (weapon)
The water moccasin bites you but does no damage.
The yak closely misses you.
You barely miss the yak. The water moccasin barely misses you.
The yak gores you but does no damage. The yak barely misses you.
You sock the yak!
The yak is moderately wounded.
The water moccasin bites you but does no damage.
The yak misses you. The yak gores you! The adder bites you but does no damage.
You sock the yak!
The yak is severely wounded.
The water moccasin bites you. The adder bites you but does no damage.
The yak gores you. x2
The water moccasin bites you but does no damage.
The yak gores you!
* * * LOW HITPOINT WARNING * * *
The adder barely misses you. The yak gores you!
* * * LOW HITPOINT WARNING * * *
A red film seems to cover your vision as you go berserk!
You feel yourself moving faster!
You feel mighty! The water moccasin bites you!
* * * LOW HITPOINT WARNING * * *
The adder bites you.
* * * LOW HITPOINT WARNING * * *
The yak gores you!
You die...

# .. #####
##.#Y@S#
.....Y#S#
###.#Y..##
#.....<.#
#...!...#
#.?..$..#
.........
#.......##
#.......#


You could see 3 yaks, a water moccasin and an adder.

Vanquished Creatures
  Grinder (D:3)
  A yak (D:6)
  The ghost of Icepheonix32 the Insei, an amateur DgTm (D:3)
  A sky beast (D:4)
  An orc warrior (D:5)
  An ogre (D:4)
  3 phantoms (D:5)
  2 scorpions
  A bullfrog zombie (D:5)
  4 hounds
  A jelly (D:5)
  A centaur skeleton (D:5)
  An orc priest (D:5)
  A hound zombie (D:5)
  10 gnolls
  7 adders
  A white imp (D:5)
  A worm (D:4)
  2 dart slugs
  5 orcs
  4 ball pythons
  4 bats
  7 endoplasms
  2 giant cockroaches
  6 goblins
  7 hobgoblins
  4 quokkas
  4 kobolds
  6 rats
90 creatures vanquished.

Notes
Turn   | Place    | Note
-------+----------+-------------------------------------------
     0 | D:1      | Sabo the Gargoyle Berserker began the quest for the Orb.
     0 | D:1      | Reached XP level 1. HP: 14/14 MP: 1/1
    72 | D:1      | Found Sioll's Armour Shop.
   641 | D:1      | Reached XP level 2. HP: 17/19 MP: 2/2
  1556 | D:2      | Reached XP level 3. HP: 19/23 MP: 3/3
  1564 | D:2      | Reached XP level 4. HP: 16/29 MP: 4/4
  2479 | D:3      | Reached ** piety under Trog
  2495 | D:3      | Reached skill level 1 in Short Blades
  2705 | D:3      | Found a faded altar of an unknown god.
  2726 | D:3      | Reached XP level 5. HP: 27/33 MP: 5/5
  2789 | D:3      | Noticed Grinder
  2800 | D:3      | Killed Grinder
  2801 | D:3      | Reached skill level 1 in Long Blades
  2801 | D:3      | Reached skill level 3 in Armour
  2801 | D:3      | Reached XP level 6. HP: 28/39 MP: 6/6
  3156 | D:3      | Found a transporter.
  3156 | D:3      | Noticed Icepheonix32's ghost (amateur DgTm)
  3160 | D:3      | Found a transporter.
  3682 | D:3      | Killed Icepheonix32's ghost
  3683 | D:3      | Reached skill level 4 in Armour
  3683 | D:3      | Reached XP level 7. HP: 28/44 MP: 7/7
  3987 | D:4      | Found an opulent altar of Gozag.
  4653 | D:4      | Reached skill level 5 in Armour
  5077 | D:1      | Bought a +2 ring mail of cold resistance for 210 gold
                  | pieces
  5300 | D:5      | Entered Level 5 of the Dungeon
  5357 | D:5      | Reached XP level 8. HP: 41/48 MP: 8/8
  5513 | D:5      | Found Webrodu's Antique Weapon Shoppe.
  5705 | D:5      | Reached skill level 1 in Stealth
  5720 | D:5      | Reached skill level 5 in Fighting
  6119 | D:5      | Identified the +6 sling "Coawk" {flame, rPois rC+ Int+4}
  6170 | D:5      | Reached skill level 5 in Long Blades
  6267 | D:5      | Reached skill level 1 in Maces & Flails
  6481 | D:5      | Identified a scroll of acquirement
  6484 | D:5      | Acquired 1111 gold pieces
  6552 | D:5      | Bought a scorched battleaxe for 310 gold pieces
  6552 | D:5      | Identified the +6 battleaxe "Trog's Vengeance" {pain, rPois
                  | rN+ rCorr} (You bought it in a shop on level 5 of the
                  | Dungeon)
  6587 | D:5      | Bought a scorched arbalest for 256 gold pieces
  6587 | D:5      | Identified the +4 arbalest of Malaise {flame, Dex+2} (You
                  | bought it in a shop on level 5 of the Dungeon)
  6787 | D:6      | Noticed a yak
  6789 | D:6      | Noticed a yak
  6792 | D:6      | Noticed a yak
  6794 | D:6      | Noticed a yak
  6798 | D:6      | Killed a yak
  6799 | D:6      | Reached skill level 6 in Armour
  6804 | D:6      | HP: 2/75 [water moccasin (7)]
  6804 | D:6      | Mangled by a yak

Illustrated notes

Levels and vault maps discovered:
D:1:      dpeg_arrival_radiant, layout_basic, serial_shops, nicolae_shop_crystal
D:2:      layout_basic
D:3:      layout_rooms, shapermc_ecumenical_altar_pompeii,
          gammafunk_ghost_arena, uniq_grinder
D:4:      layout_basic, grunt_gozag_breadcrumbs
D:5:      layout_loops_corners, serial_shops, nicolae_shop_trees, serial_undead,
          serial_undead_e, serial_undead_b, serial_undead_e, serial_undead_f,
          serial_undead_d, serial_undead_f, glass_columns_c, chequers_arboretum
D:6:      layout_loops_ring, nicolae_ru_awakened_eye, lemuel_blue_sif_altar,
          mainiacjoe_overflow_divided_tiny, uniq_pikel

Skill      XL: |  1  2  3  4  5  6  7  8 |
---------------+-------------------------+-----
Axes           | 3 |  3.9
Fighting       | 4 5 |  5.4
Short Blades   | 1 2 |  2.9
Long Blades    | 1 3 5 |  5.2
Armour         | 3 4 5 6 |  6.0
Dodging        | 2 |  2.6
Stealth        | 1 |  1.1
Maces & Flails | 2 |  2.0
Ranged Weapons | |  0.7

Action                   |  1- 3 |  4- 6 |  7- 9 || total
-------------------------+-------+-------+-------++-------
Melee: Hand axe          |    46 |       |       ||    46
       Dagger            |    14 |    48 |       ||    62
       Long sword        |       |    67 |   131 ||   198
       Flail             |       |       |    46 ||    46
       Punch             |       |       |     2 ||     2
 Fire: Arbalest          |       |       |     8 ||     8
       Sling             |       |       |     6 ||     6
Invok: Berserk           |     1 |     2 |     5 ||     8
  Use: Scroll            |       |     3 |     6 ||     9
Armor: Animal skin       |    10 |       |       ||    10
       Scale mail        |    16 |       |       ||    16
       Chain mail        |    17 |   114 |    36 ||   167
       Ring mail         |       |       |    92 ||    92
Dodge: Dodged            |    38 |    60 |   133 ||   231
